 Dungeon Crawl Stone Soup version 0.22-a0-538-g76cc104 (webtiles) character file.

73854 Gorglomux the Severer (level 15, -8/134 HPs)
             Began as a Minotaur Fighter on June 23, 2018.
             Was the Champion of Makhleb.
             Mangled by a salamander
             ... wielding a +0 halberd
              (11 damage)
             ... on level 1 of the Snake Pit.
             The game lasted 00:14:12 (18337 turns).

Gorglomux the Severer (Minotaur Fighter)           Turns: 18337, Time: 00:14:12

Health: -8/134     AC: 28    Str: 26    XL:     15   Next: 5%
Magic:  0/30       EV:  8    Int:  5    God:    Makhleb [******]
Gold:   1425       SH:  0    Dex: 14    Spells: 14/14 levels left

rFire    . . .     SeeInvis .   L - +3 executioner's axe (chop)
rCold    . . .     Gourm    .   (shield currently unavailable)
rNeg     . . .     Faith    +   U - +0 plate armour
rPois    .         Spirit   +   (helmet restricted)
rElec    +         Reflect  .   K - scarf {Spirit}
rCorr    .         Harm     .   y - +2 pair of gloves {Dex+3}
MR       +....                  C - +1 pair of boots
Stlth    ..........             H - amulet of faith
HPRegen  0.32/turn              g - +4 ring of protection
MPRegen  0.22/turn              x - ring of Ifin Peuro {+Fly rElec MP+9}

@: lethally poisoned (-8 -> -9)
A: retaliatory headbutt, horns 2
a: Minor Destruction, Lesser Servant of Makhleb, Major Destruction, Greater
Servant of Makhleb, Renounce Religion, Evoke Flight


You were on level 1 of the Snake Pit.
You worshipped Makhleb.
Makhleb was exalted by your worship.
You were very hungry.

You visited 3 branches of the dungeon, and saw 20 of its levels.

You collected 1714 gold pieces.
You spent 289 gold pieces at shops.

Inventory:

Hand Weapons
 n - the cursed +1 hand axe of Xenul {flame, Str-4 Dex+7}
   (You bought it in a shop on level 12 of the Dungeon)

   It has been specially enchanted to burn those struck by it, causing extra
   injury to most foes and up to half again as much damage against particularly
   susceptible opponents.
   Big, fiery blades are also staple armaments of hydra-hunters.
   It affects your strength (-4).
   It affects your dexterity (+7).
   It has a curse placed upon it.
 w - a +4 battleaxe of draining
 L - a +3 executioner's axe of chopping (weapon)
Missiles
 Z - 2 throwing nets (quivered)
Armour
 y - a +2 pair of gloves of dexterity (worn)
 C - a +1 pair of boots (worn)
 J - a +0 shield
 K - a scarf of spirit shield (worn)
 U - a +0 plate armour (worn)
Jewellery
 c - an uncursed ring of protection from cold
 g - a +4 ring of protection (left hand)
 m - an uncursed ring of protection from magic
 x - the ring of Ifin Peuro (right hand) {+Fly rElec MP+9}
   (You found it on level 6 of the Dungeon)

   [ring of flight]

   It insulates you from electricity.
   It affects your magic capacity (+9).
   It lets you fly.
 H - an amulet of faith (around neck)
Wands
 A - a wand of acid (4)
 D - a wand of digging (13)
 E - a wand of enslavement (26)
 I - a wand of iceblast (24)
 P - a wand of paralysis (8)
 S - a wand of scattershot (2)
Scrolls
 i - a scroll of fog
 o - 8 scrolls of remove curse
 p - 3 scrolls of noise
 u - 5 scrolls of immolation
 B - 4 scrolls of blinking
 G - a scroll of summoning
 M - 3 scrolls of magic mapping
 R - 8 scrolls of identify
 T - 8 scrolls of teleportation
 V - a scroll of vulnerability
 X - 3 scrolls of enchant armour
Potions
 d - 3 potions of might
 j - a potion of ambrosia
 l - 3 potions of haste
 s - 8 potions of flight
 z - a potion of brilliance {unknown}
 F - a potion of resistance {unknown}
 N - 3 potions of heal wounds
 O - 2 potions of mutation {!q}
 Q - 5 potions of curing
 Y - 5 potions of agility
Miscellaneous
 W - a sack of spiders
Comestibles
 f - 37 rations


   Skills:
 + Level 12.9 Fighting
 + Level 18.2 Axes
 + Level 17.1 Armour
 - Level 8.1 Shields
 + Level 10.1 Invocations


You had 14 spell levels left.
You didn't know any spells.
Your spell library contained the following spells:

 Spells                   Type           Power        Failure   Level  Hunger
 Magic Dart               Conj           #...         97%         1    ##.....
 Conjure Flame            Conj/Fire      #.......     100%        3    ####...
 Bolt of Magma            Conj/Fire/Erth #.........   100%        5    ######.
 Slow                     Hex            #.......     99%         2    ###....
 Mephitic Cloud           Conj/Pois/Air  #.......     100%        3    ####...
 Venom Bolt               Conj/Pois      #.........   100%        5    ######.
 Blink                    Tloc           N/A          99%         2    ###....
 Animate Dead             Necr           N/A          100%        4    #####..
 Pain                     Necr           #...         97%         1    ##.....
 Animate Skeleton         Necr           N/A          97%         1    ##.....
 Vampiric Draining        Necr           #.........   100%        3    ####...
 Call Imp                 Summ           #.......     99%         2    ###....
 Regeneration             Chrm/Necr      #.........   100%        3    ####...
 Iron Shot                Conj/Erth      #.........   100%        6    #######
 Stone Arrow              Conj/Erth      #.....       100%        3    ####...
 Passwall                 Tmut/Erth      #.......     99%         2    ###....
 Lee's Rapid Deconstruct  Erth           #.........   100%        5    ######.
 Sandblast                Erth           #.....       97%         1    ##.....
 Petrify                  Tmut/Erth      #.......     100%        4    #####..
 Orb of Destruction       Conj           #.........   100%        7    #######
 Shroud of Golubria       Chrm/Tloc      #.........   99%         2    ###....
 Iskenderun's Battlesphe  Conj/Chrm      #.......     100%        5    ######.
 Infusion                 Chrm           #...         97%         1    ##.....
 Song of Slaying          Chrm           #.......     99%         2    ###....
 Spectral Weapon          Hex/Chrm       #.......     100%        3    ####...
 Spellforged Servitor     Conj/Summ      #.........   100%        7    #######


Dungeon Overview and Level Annotations

Branches:
Dungeon (13/15)            Temple (0/1) D:7            Lair (6/6) D:11
  Swamp (0/4) Lair:2        Snake (1/4) Lair:4        Slime (0/5) Lair:6
    Orc (0/2) D:11
 Vaults: D:13-14

Altars:
Cheibriados
Makhleb
Sif Muna
Trog
Yredelemnul
Jiyva

Shops:
D:7 %   D:12 (

Portals:
Trove: D:10 (give 6 scrolls of blinking)

Annotations:
D:11 1 runed door, Amnesiac's ghost, journeyman SpAK
D:13 exclusion: obsidian statue


Innate Abilities, Weirdness & Mutations

You reflexively headbutt those who attack you in melee.
You have a pair of horns on your head.


Message History

You annihilate the naga!!!
Makhleb roars: ANNIHILATED!
You open the naga sharpshooter like a pillowcase!!!
You annihilate the naga sharpshooter!!!
Makhleb roars: ANNIHILATED!
You feel better!
The salamander hits you with a halberd!!! * * * don't die
* * * You are engulfed in flames!!! * * * don't die
* * * You barely miss the salamander!
Butt headbutt the salamander!
The salamander is heavily wounded!
You feel sick!
The salamander hits you but does no damage!
You slice the salamander like a ripe choko!!!
The salamander is severely wounded!
The salamander hits you with a halberd!!! * * * don't die
* * * You are engulfed in flames!!! rip

............##
..............#
..............#
.............#
............#
...........### ##
.......)N....##....
.......)@..........
.......(..#.......
#####...#..#.#...###
....##.#.......###.. .
.....#...(............
.....##...............
......#..##..........#
).....##....#..##....
.(...)†.#.....†..##...


You could see a salamander.

Vanquished Creatures
  Rupert (Lair:6)
  A dire elephant (Lair:6)
  5 hydras
  A catoblepas (Lair:6)
  3 anacondas (Snake:1)
  4 two-headed ogres
  10 death yaks
  A naga sharpshooter (Snake:1)
  A shock serpent (Snake:1)
  Nergalle (D:10)
  2 unseen horrors
  3 cyclopes
  3 manticores
  21 elephants
  3 centaur zombies
  Psyche (D:10)
  A gargoyle (D:10)
  A torpor snail (Lair:4)
  A naga mage (Snake:1)
  14 black mambas
  5 komodo dragons
  10 spiny frogs
  A rime drake (Lair:4)
  A polar bear (Lair:5)
  7 trolls
  4 tyrant leeches (Lair:4)
  4 blink frogs (Lair:5)
  6 hippogriffs
  18 dream sheep
  2 bog bodies (Lair:2)
  3 wyverns
  Eustachio (D:4)
  A human (D:8)
  56 yaks
  4 hogs (D:8)
  5 basilisks
  6 vampire mosquitoes
  3 hungry ghosts
  8 nagas
  5 swamp worms
  11 water moccasins
  9 porcupines
  6 orc warriors (D:11)
  A black bear (D:8)
  7 ice beasts
  2 sky beasts
  3 necrophages
  4 phantoms
  A wolf (Lair:6)
  5 centaurs
  11 ogres
  9 crocodiles
  15 bullfrogs
  6 big kobolds
  3 gnoll sergeants
  A wyvern zombie (D:6)
  2 scorpions
  17 wights
  3 jellies (D:9)
  6 killer bees (D:11)
  2 howler monkeys (D:12)
  4 electric eels
  4 crimson imps
  2 bullfrog zombies
  2 hounds
  4 orc priests
  4 centaur skeletons
  An iguana (D:7)
  Ijyb (D:4)
  Natasha (thrice) (D:4)
  5 orc wizards
  3 worker ants
  14 hell rats
  A killer bee zombie (D:6)
  2 howler monkey zombies
  A worker ant zombie (D:11)
  7 gnolls
  16 river rats (Lair:1)
  7 adders
  3 shadow imps
  2 adder skeletons
  5 worms
  3 leopard geckos
  39 orcs
  3 bats
  6 giant cockroaches
  7 goblins
  4 hobgoblins
  17 jackals
  19 kobolds
  11 quokkas
  2 ball pythons (D:2)
  3 frilled lizards (D:2)
  A jackal skeleton (D:5)
  A leopard gecko skeleton (D:5)
  2 leopard gecko zombies (D:7)
  2 quokka skeletons
  17 rats
  6 plants
586 creatures vanquished.

Vanquished Creatures (collateral kills)
  4 elephants (Lair:4)
  A black mamba (Lair:4)
  A spiny frog (Lair:4)
  A tyrant leech (Lair:4)
  2 bog bodies (Lair:2)
  A hippogriff (Lair:4)
  A swamp worm (Lair:4)
  A naga (Lair:4)
  A porcupine (Lair:4)
  A crocodile (Lair:2)
14 creatures vanquished.

Vanquished Creatures (others)
  17 fungi
  15 plants
32 creatures vanquished.

Grand Total: 632 creatures vanquished

Notes
Turn   | Place    | Note
-------+----------+-------------------------------------------
     0 | D:1      | Gorglomux the Minotaur Fighter began the quest for the Orb.
     0 | D:1      | Reached XP level 1. HP: 19/19 MP: 0/0
   957 | D:2      | Reached skill level 3 in Axes
   957 | D:2      | Reached XP level 2. HP: 27/27 MP: 1/1
  1329 | D:2      | Found a burning altar of Makhleb.
  1412 | D:2      | Became a worshipper of Makhleb the Destroyer
  1472 | D:3      | Reached XP level 3. HP: 25/34 MP: 2/2
  1713 | D:3      | Found a bloodstained altar of Trog.
  1725 | D:3      | Found a snail-covered altar of Cheibriados.
  2085 | D:3      | Noticed a bullfrog
  2101 | D:3      | Killed a bullfrog
  2101 | D:3      | Reached skill level 4 in Axes
  2101 | D:3      | Reached XP level 4. HP: 22/42 MP: 3/3
  2380 | D:4      | Reached skill level 5 in Axes
  2380 | D:4      | Reached XP level 5. HP: 42/50 MP: 4/4
  2388 | D:4      | Reached skill level 6 in Fighting
  2410 | D:4      | Reached XP level 6. HP: 25/58 MP: 5/5
  2598 | D:4      | Reached skill level 6 in Axes
  2620 | D:4      | Reached * piety under Makhleb
  2652 | D:4      | Noticed Eustachio
  2681 | D:4      | Killed Eustachio
  2681 | D:4      | Reached XP level 7. HP: 46/66 MP: 6/6
  2893 | D:4      | Noticed Ijyb
  2901 | D:4      | Reached skill level 7 in Axes
  2906 | D:4      | Killed Ijyb
  3008 | D:4      | Noticed Natasha
  3014 | D:4      | Killed Natasha
  3145 | D:4      | Noticed Natasha
  3171 | D:4      | Killed Natasha
  3205 | D:4      | Noticed Natasha
  3215 | D:4      | Killed Natasha
  3472 | D:5      | Entered Level 5 of the Dungeon
  3533 | D:5      | Reached skill level 8 in Axes
  3615 | D:5      | Reached ** piety under Makhleb
  3652 | D:5      | Reached XP level 8. HP: 75/75 MP: 7/7
  3954 | D:6      | Noticed a hippogriff
  3961 | D:6      | Killed a hippogriff
  4272 | D:6      | Got a fine marble ring
  4348 | D:6      | Identified the ring of Ifin Peuro {+Fly rElec MP+9} (You found it on level 6 of the Dungeon)
  4352 | D:6      | Reached skill level 9 in Axes
  4417 | D:7      | Found a staircase to the Ecumenical Temple.
  4553 | D:7      | Reached skill level 6 in Armour
  4557 | D:7      | Reached skill level 6 in Shields
  4558 | D:7      | Reached *** piety under Makhleb
  4703 | D:7      | Reached XP level 9. HP: 71/82 MP: 8/8
  4818 | D:7      | Reached skill level 1 in Invocations
  4900 | D:7      | Found Cuzei's Food Shop.
  5363 | D:8      | Noticed a two-headed ogre
  5372 | D:8      | Killed a two-headed ogre
  5372 | D:8      | Reached skill level 10 in Axes
  5377 | D:8      | Reached skill level 3 in Invocations
  5598 | D:8      | Found a deep blue altar of Sif Muna.
  5666 | D:8      | Reached XP level 10. HP: 84/90 MP: 11/11
  5733 | D:9      | Noticed a two-headed ogre
  5742 | D:9      | Killed a two-headed ogre
  5742 | D:9      | Reached skill level 11 in Axes
  5864 | D:9      | Reached **** piety under Makhleb
  5965 | D:9      | Reached skill level 9 in Armour
  6101 | D:9      | Found a viscous altar of Jiyva.
  6468 | D:10     | Entered Level 10 of the Dungeon
  6491 | D:10     | Reached skill level 6 in Invocations
  6521 | D:10     | Killed an unseen horror
  6521 | D:10     | Reached skill level 12 in Axes
  6779 | D:10     | Noticed Nergalle
  6790 | D:10     | Reached XP level 11. HP: 87/95 MP: 14/14
  6796 | D:10     | Killed Nergalle
  7103 | D:10     | Noticed Psyche
  7107 | D:10     | Killed Psyche
  7167 | D:10     | Reached ***** piety under Makhleb
  7167 | D:10     | Reached skill level 13 in Axes
  7476 | D:10     | Found a portal to a secret trove of treasure.
  7579 | D:11     | Killed an unseen horror
  7664 | D:11     | Noticed a two-headed ogre
  7674 | D:11     | Killed a two-headed ogre
  7674 | D:11     | Reached skill level 12 in Armour
  8088 | D:11     | Noticed a death yak
  8088 | D:11     | Noticed a death yak
  8089 | D:11     | Noticed a death yak
  8089 | D:11     | Noticed a death yak
  8089 | D:11     | Noticed a death yak
  8092 | D:11     | Noticed a death yak
  8096 | D:11     | Killed a death yak
  8129 | D:10     | Killed a death yak
  8129 | D:10     | Reached skill level 14 in Axes
  8266 | D:10     | Killed a death yak
  8276 | D:10     | HP: 2/95 [death yak (17)]
  8307 | D:10     | HP: 3/142 [death yak (11)]
  8311 | D:10     | Killed a death yak
  8566 | D:11     | Found a runed door.
  8567 | D:11     | Noticed Amnesiac's ghost (journeyman SpAK)
  8568 | D:11     | Noticed a spriggan rider
  8616 | D:11     | Reached XP level 12. HP: 97/103 MP: 15/15
  8658 | D:11     | Found a staircase to the Lair.
  8772 | D:11     | Found a staircase to the Orcish Mines.
  9083 | D:12     | Noticed a two-headed ogre
  9091 | D:12     | Killed a two-headed ogre
  9205 | D:12     | Reached skill level 15 in Axes
  9541 | D:12     | Found Bein's Weapon Shop.
  9562 | D:12     | Bought the cursed +1 hand axe of Xenul {flame, Str-4 Dex+7} for 289 gold pieces
 10900 | Lair:1   | Entered Level 1 of the Lair of Beasts
 10940 | Lair:1   | Reached skill level 16 in Axes
 11367 | Lair:1   | Reached skill level 9 in Fighting
 11792 | Lair:1   | Reached XP level 13. HP: 111/111 MP: 16/16
 11792 | Lair:1   | Reached skill level 15 in Armour
 12364 | Lair:2   | Found a staircase to the Swamp.
 14225 | Lair:3   | Reached ****** piety under Makhleb
 14580 | Lair:4   | Found a staircase to the Snake Pit.
 14946 | Lair:4   | Reached skill level 17 in Axes
 15679 | Lair:5   | Reached XP level 14. HP: 108/124 MP: 17/19
 15822 | Lair:5   | Found a basalt altar of Yredelemnul.
 16372 | Lair:6   | Entered Level 6 of the Lair of Beasts
 16486 | Lair:6   | Reached skill level 9 in Invocations
 16946 | Lair:6   | Noticed Rupert
 16946 | Lair:6   | Paralysed by Rupert for 7 turns
 16953 | Lair:6   | Found a viscous altar of Jiyva.
 16968 | Lair:6   | Killed Rupert
 16968 | Lair:6   | Reached skill level 12 in Fighting
 16971 | Lair:6   | Found a staircase to the Slime Pits.
 17667 | Lair:6   | Reached skill level 18 in Axes
 17866 | Snake:1  | Entered Level 1 of the Snake Pit
 18228 | Snake:1  | Reached XP level 15. HP: 116/134 MP: 21/21
 18337 | Snake:1  | HP: 3/134 [salamander/halberd (6)]
 18337 | Snake:1  | Mangled by a salamander

Vault maps used:
D:1:      mainiacjoe_arrival_reflecting_pool
D:2:      lemuel_crystal_altar
D:3:      grunt_temple_overflow_open
D:4:      uniq_ijyb, uniq_natasha, uniq_eustachio
D:5:      first_ration, serial_park_tiny_2
D:7:      minmay_temple_entry_mist, serial_shops, kennysheep_mini
D:8:      led_sif_pool, grunt_livestock
D:9:      serial_bayou, serial_bayou_pond_a, serial_bayou_pond_e,
          serial_bayou_pond_e, serial_bayou_pond_e, jiyva_altar_1
D:10:     nicolae_trove_entry_diagonal, uniq_nergalle, uniq_psyche
D:11:     dpeg_lair_monsters, kennysheep_orc_monster_closet_entryway,
          ebering_ghost_funeral_grove
D:12:     serial_shops, shop
D:13:     lab_entry_generic, minivault_16
Lair:1:   lemuel_ratsnest, kennysheep_abandoned_house
Lair:2:   nicolae_swamp_entry_splash_gauntlet
Lair:3:   serial_bayou_shore_a
Lair:4:   minmay_snake_entry_guardpost_small, st_stairs_11, worms_lemuel
Lair:5:   basic_altar, disabler_island
Lair:6:   hangedman_lair_in_review, slime_altar_1, uniq_rupert
Snake:1:  grunt_ministairs_8, serial_bayou_pond_c

Skill      XL: |  1  2  3  4  5  6  7  8  9 10 11 12 13 14 |
---------------+-------------------------------------------+-----
Fighting       | 4 5 6 7 8 9 11 12 | 12.9
Axes           | 3 4 5 6 8 9 10 12 14 16 17 18 | 18.2
Armour         | 6 7 10 12 14 16 17 | 17.1
Shields        | 6 7 8 |  8.1
Invocations    | 3 6 8 10 | 10.1

Action                   |  1- 3 |  4- 6 |  7- 9 | 10-12 | 13-15 || total
-------------------------+-------+-------+-------+-------+-------++-------
Melee: War axe           |   104 |    37 |       |       |       ||   141
       Headbutt          |    12 |    11 |    35 |   151 |   161 ||   370
       Battleaxe         |       |    29 |   202 |   571 |   445 ||  1247
       Unarmed           |       |       |    25 |       |       ||    25
       Executioner's axe |       |       |       |       |   146 ||   146
Invok: Lesser Servant of |       |       |       |     1 |     6 ||     7
       Minor Destruction |       |       |       |       |     3 ||     3
       Greater Servant o |       |       |       |       |     1 ||     1
Evoke: Wand              |       |       |       |     3 |     3 ||     6
  Use: Scroll            |       |       |    16 |     8 |     8 ||    32
       Potion            |       |       |       |     3 |     3 ||     6
 Stab: Invisible         |       |       |       |       |    19 ||    19
  Eat: Chunk             |     4 |     2 |     8 |    17 |    13 ||    44
       Ration            |       |       |     1 |     3 |     2 ||     6
Armor: Scale mail        |     4 |       |       |       |       ||     4
       Chain mail        |    72 |    44 |   165 |   503 |   334 ||  1118
       Skin              |       |       |     1 |     1 |     1 ||     3
       Plate armour      |       |       |       |       |   220 ||   220
Dodge: Dodged            |    24 |    17 |   126 |   272 |   294 ||   733
Block: Shield            |    71 |    12 |       |       |       ||    83

Table legend:
 A = Spawn XP
 B = Non-spawn XP
 C = Spawn XP percentage of total XP
 D = Spawn monster count
 E = Non-spawn monster count
 F = Spawn count percentage of total count
 G = Total turns spent on level
                    A         B        C        D         E        F      G
               +---------+---------+-------+---------+---------+-------+---------
         Total |       0 |  105506 |   0.0 |       0 |     594 |   0.0 | 18337
               +---------+---------+-------+---------+---------+-------+---------
           D:1 |       0 |       7 |   0.0 |       0 |       4 |   0.0 |   813
           D:2 |       0 |      28 |   0.0 |       0 |      12 |   0.0 |   625
           D:3 |       0 |     144 |   0.0 |       0 |      17 |   0.0 |   920
           D:4 |       0 |     971 |   0.0 |       0 |      32 |   0.0 |  1114
           D:5 |       0 |     316 |   0.0 |       0 |      24 |   0.0 |   467
           D:6 |       0 |     678 |   0.0 |       0 |      15 |   0.0 |   478
           D:7 |       0 |     968 |   0.0 |       0 |      33 |   0.0 |   816
           D:8 |       0 |    2825 |   0.0 |       0 |      17 |   0.0 |   500
           D:9 |       0 |    3397 |   0.0 |       0 |      50 |   0.0 |   735
          D:10 |       0 |    8782 |   0.0 |       0 |      36 |   0.0 |  1510
          D:11 |       0 |    6604 |   0.0 |       0 |      41 |   0.0 |  1051
          D:12 |       0 |    5866 |   0.0 |       0 |      26 |   0.0 |  1020
          D:13 |       0 |    2672 |   0.0 |       0 |      14 |   0.0 |   851
        Lair:1 |       0 |    5322 |   0.0 |       0 |      74 |   0.0 |  1220
        Lair:2 |       0 |    5206 |   0.0 |       0 |      22 |   0.0 |  1070
        Lair:3 |       0 |    5429 |   0.0 |       0 |      27 |   0.0 |  1226
        Lair:4 |       0 |   12339 |   0.0 |       0 |      42 |   0.0 |  1192
        Lair:5 |       0 |   10525 |   0.0 |       0 |      38 |   0.0 |   831
        Lair:6 |       0 |   24828 |   0.0 |       0 |      52 |   0.0 |  1427
       Snake:1 |       0 |    8599 |   0.0 |       0 |      18 |   0.0 |   471
               +---------+---------+-------+---------+---------+-------+---------
